 Dungeon Crawl Stone Soup version 0.27-a0-1281-ge233d83751 (webtiles) character file.

Game seed: 9337045775810414269

74 Gaff the Skirmisher (level 4, 0/37 HPs)
             Began as a Demonspawn Abyssal Knight on June 14, 2021.
             Was a Believer of Lugonu.
             Slain by a goblin (2 damage)
             ... led by Robin
             ... on level 3 of the Dungeon.
             The game lasted 00:07:39 (2692 turns).

Gaff the Skirmisher (Demonspawn Abyssal Knight)     Turns: 2692, Time: 00:07:40

Health: 0/37       AC:  3    Str: 13    XL:     4   Next: 9%
Magic:  4/5        EV: 11    Int: 20    God:    Lugonu [**....]
Gold:   36         SH:  0    Dex: 12    Spells: 3/3 levels left

rFire    . . .     SeeInvis .   a - +1 falchion
rCold    . . .     Faith    .   (no shield)
rNeg     . . .     Spirit   .   b - +0 leather armour
rPois    .         Reflect  .   (no helmet)
rElec    .         Harm     .   (no cloak)
rCorr    .         Rampage  .   (no gloves)
Will     .....                  (no boots)
Stlth    +.........             (no amulet)
HPRegen  0.12/turn              l - +6 ring of intelligence
MPRegen  0.09/turn              (no ring)

@: attractive
A: claws 2, sturdy frame 1
a: Renounce Religion, Depart the Abyss, Bend Space


You were on level 3 of the Dungeon.
You worshipped Lugonu.
Lugonu was pleased with you.
You visited 1 branch of the dungeon, and saw 3 of its levels.
You visited the Abyss 1 time.

You collected 36 gold pieces.

Inventory:

Hand Weapons
 a - a +1 falchion (weapon)
Missiles
 h - 13 stones (quivered)
 i - 7 javelins
 m - 18 bolts
Armour
 b - a +0 leather armour (worn)
Jewellery
 l - a +6 ring of intelligence (left claw)
Scrolls
 c - 2 scrolls of noise {unknown}
 d - a scroll of enchant weapon {unknown}
 e - a scroll of acquirement {unknown}
 g - 2 scrolls of vulnerability {unknown}
 j - a scroll of amnesia {unknown}
 k - 2 scrolls of identify {unknown}
 q - a scroll of teleportation {unknown}
Potions
 n - a potion of heal wounds {unknown}
 o - a potion of brilliance {unknown}
 p - a potion of lignification {unknown}


   Skills:
 + Level 3.9 Fighting
 + Level 3.1 Long Blades
 + Level 2.0 Armour
 - Level 0.8 Dodging
 - Level 2.5 Invocations


You had 3 spell levels left.
You didn't know any spells.
Your spell library was empty.

Dungeon Overview and Level Annotations

Branches:
Dungeon (3/15)

Altars:
Fedhas
Okawaru

Annotations:
D:3 Robin


Innate Abilities, Weirdness & Mutations

You have very sharp fingernails.
Your movements are slightly less encumbered by armour. (ER -2)


Message History

You completely miss the hobgoblin.
You feel sick. The hobgoblin barely misses you.
You riposte.
You hit the hobgoblin.
The hobgoblin is moderately wounded.
You hit the hobgoblin.
You kill the hobgoblin!
Lugonu accepts your kill.
You can now bend space around yourself.
You feel sick.
Robin throws the goblin at you! 2 goblins come into view.
You feel sick.
You are no longer poisoned.
The goblin barely misses you.
The goblin moves out of view.
Robin throws the goblin at you!
You closely miss the goblin. The goblin misses you. x2
The goblin hits you but does no damage. The goblin hits you with a +0 club.
* * * LOW HITPOINT WARNING * * *
The goblin hits you with a +0 dagger.
* * * LOW HITPOINT WARNING * * *
Robin roars a battlecry!
The goblins go into a battle-frenzy!
The goblin hits you but does no damage.
You hear a shout! x2
A goblin comes into view. It is wielding a +0 club.
The goblin shouts! x2
The goblin moves out of view.
A hobgoblin comes into view.
Robin throws the goblin at you! The goblin hits you but does no damage.
You closely miss the goblin. The goblin hits you but does no damage.
The goblin misses you. The goblin hits you with a +0 dagger.
* * * LOW HITPOINT WARNING * * *
Space bends around you!
You blink.
The goblin hits you with a +0 dagger.
* * * LOW HITPOINT WARNING * * *
You miss the goblin. Robin throws the goblin at you!
* * * LOW HITPOINT WARNING * * *
The goblin closely misses you. The goblin barely misses you.
It was a potion of attraction.
You feel attractive to monsters. The goblin hits you with a +0 dagger.
* * * LOW HITPOINT WARNING * * *
The goblin hits you with a +0 club.
You die...

## .# .# .#
g#################
..ggg..g.#.......#
########.#.#####.#
#g#.### #g# #.)g..#
#@### ###.#.# #g#.. ..
... ##.#.###g#.##.#....
##......gg#.##.#....
##..##.##g##.##.....
####...##.##g##.^....###
+........)..g.g.........
####...#.###.##......##
##....).).###.##.####


You could see Robin, a hobgoblin and 6 goblins.

Vanquished Creatures
  2 adders (D:2)
  2 dart slugs
  3 ball pythons (D:1)
  5 endoplasms (D:1)
  4 giant cockroaches
  5 goblins
  5 hobgoblins
  4 jackals (D:2)
  A quokka (D:2)
  3 bats
  6 frilled lizards
  2 kobolds
  7 rats
49 creatures vanquished.

Notes
Turn   | Place    | Note
-------+----------+-------------------------------------------
     0 | Abyss:1  | Gaff the Demonspawn Abyssal Knight began the quest for the
                  | Orb.
     0 | Abyss:1  | Reached XP level 1. HP: 18/18 MP: 2/2
    91 | Abyss:2  | Noticed an ancient zyme
   102 | Abyss:2  | Noticed an ancient zyme
   105 | Abyss:2  | Noticed a neqoxec
   105 | Abyss:2  | Noticed a smoke demon
   106 | D:1      | Escaped the Abyss
   305 | D:1      | Gained mutation: You have sharp fingernails. [demonic
                  | ancestry]
   305 | D:1      | Reached XP level 2. HP: 18/24 MP: 3/3
   652 | D:1      | Reached * piety under Lugonu
  1294 | D:2      | Gained mutation: You have very sharp fingernails. [demonic
                  | ancestry]
  1294 | D:2      | Reached XP level 3. HP: 26/29 MP: 4/4
  2017 | D:2      | Found an iron altar of Okawaru.
  2579 | D:3      | Found a blossoming altar of Fedhas.
  2603 | D:3      | Gained mutation: Your movements are slightly less
                  | encumbered by armour. (ER -2) [demonic ancestry]
  2603 | D:3      | Reached XP level 4. HP: 36/37 MP: 5/5
  2646 | D:3      | Noticed Robin
  2681 | D:3      | Reached ** piety under Lugonu
  2692 | D:3      | Slain by a goblin

Illustrated notes

Levels and vault maps discovered:
D:1:      heliophobic_arrival_enchanted_forest, layout_basic
D:2:      layout_loops_ring, basic_altar
D:3:      layout_loops_corners, nicolae_overflow_crystal_walls, fedhas_altar_3,
          marbit_many_paths, small_statue_intersection, lemuel_flame_loot_1,
          uniq_robin

Skill      XL: |  1  2  3 |
---------------+----------+-----
Long Blades    | 2 3 |  3.1
Armour         | 2 |  2.0
Fighting       | |  3.9
Dodging        | |  0.8
Invocations    | |  2.5

Action                   |  1- 3 |  4- 6 || total
-------------------------+-------+-------++-------
Melee: Falchion          |   140 |    12 ||   152
Throw: Stone             |     3 |       ||     3
Invok: Depart the Abyss  |     1 |       ||     1
       Bend Space        |       |     1 ||     1
  Use: Potion            |       |     1 ||     1
 Stab: Sleeping          |     2 |       ||     2
Armor: Leather armour    |    49 |    10 ||    59
Dodge: Dodged            |    87 |    15 ||   102
       Rpst.: Falchion   |    28 |     6 ||    34

Table legend: (Time is in decaauts)
 A = Elapsed time spent in this place.
 B = Non-inter-level travel time spent in this place.
 C = Inter-level travel time spent in this place.
 D = Time resting spent in this place.
 E = Time spent auto-exploring this place.
 F = Levels seen in this place.
 G = Mean time per level.
                   A        B        C        D        E       F      G
               +--------+--------+--------+--------+--------+-----+--------+
         Total |   2719 |   2591 |    128 |    823 |   1064 |   5 |  543.8 |
       Dungeon |   2614 |   2486 |    128 |    823 |   1064 |   3 |  871.3 |
         Abyss |    105 |    105 |      0 |      0 |      0 |   2 |   52.5 |
               +--------+--------+--------+--------+--------+-----+--------+

Top non-repeatable levels by time:
     D:1: 1293 daAuts
     D:2: 1202 daAuts
     D:3: 118 daAuts
 Abyss:2: 56 daAuts
 Abyss:1: 49 daAuts
